 Dungeon Crawl Stone Soup version 0.22-a0-855-g415d086bb8 (webtiles) character file.

196 LLavrengius the Chopper (level 6, -1/48 HPs)
             Began as a Formicid Fighter on July 27, 2018.
             Killed from afar by an orc wizard (8 damage)
             ... with a puff of flame
             ... on level 4 of the Dungeon.
             The game lasted 00:10:01 (2790 turns).

LLavrengius the Chopper (Formicid Fighter)          Turns: 2790, Time: 00:10:02

Health: -1/48      AC: 10    Str: 26    XL:     6   Next: 4%
Magic:  6/6        EV:  8    Int:  8    God:
Gold:   149        SH: 10    Dex: 11    Spells: 5/5 levels left

rFire    . . .     SeeInvis +   a - +0 war axe
rCold    . . .     Gourm    .   c - +0 shield
rNeg     . . .     Faith    .   b - +0 scale mail
rPois    .         Spirit   .   (helmet unavailable)
rElec    .         Reflect  .   (no cloak)
rCorr    .         Harm     .   m - +1 pair of gloves
MR       .....                  u - +0 pair of boots
Stlth    ..........             (no amulet)
HPRegen  0.16/turn              (no ring)
MPRegen  0.10/turn              (no ring)

@: mighty
A: permanent stasis, dig shafts and tunnels, four strong arms, antennae 3
a: Dig, Shaft Self


You were on level 4 of the Dungeon.
You were hungry.

You visited 1 branch of the dungeon, and saw 4 of its levels.

You collected 149 gold pieces.

Inventory:

Hand Weapons
 a - a +0 war axe (weapon)
 A - a +0 hunting sling
Missiles
 o - 100 stones
 q - 68 bolts
 w - 23 sling bullets
 x - a throwing net
 y - 4 tomahawks of returning (quivered)
 B - 15 arrows
Armour
 b - a +0 scale mail (worn)
 c - a +0 shield (worn)
 m - a +1 pair of gloves (worn)
 u - a +0 pair of boots (worn)
Wands
 s - a wand of polymorph (8)
Scrolls
 g - a scroll of enchant weapon {unknown}
 h - a scroll of noise {unknown}
 i - 3 scrolls of magic mapping {unknown}
 j - a scroll of remove curse {unknown}
 n - 2 scrolls of identify {unknown}
 v - a scroll of teleportation {unknown}
Potions
 d - a potion of might
 e - a potion of magic {unknown}
 k - a potion of degeneration {unknown}
 l - a potion of mutation {unknown}
 p - 3 potions of haste {unknown}
 r - 4 potions of curing {unknown}
 t - 2 potions of heal wounds {unknown}
 z - a potion of lignification {unknown}
Comestibles
 f - 7 rations
 C - a chunk of flesh


   Skills:
 - Level 4.0 Fighting
 + Level 5.2 Axes
 - Level 3.2 Armour
 - Level 4.0 Shields


You had 5 spell levels left.
You didn't know any spells.
Your spell library was empty.

Dungeon Overview and Level Annotations

Branches:
Dungeon (4/15)
 Temple: D:4-7

Altars:

Shops:
D:4 :


Innate Abilities, Weirdness & Mutations

You cannot be hasted, slowed, berserked, paralysed or teleported.
You can dig through walls and to a lower floor.
Your four strong arms can wield two-handed weapons with a shield.
You have a pair of large antennae on your head. (SInv)


Message History

The magic dart hits you! You block the orc priest's attack.
The orc wizard gestures at you while chanting.
The puff of flame hits you! The quokka bites you.
Your shield prevents you from hitting the orc priest.
The orc priest is lightly wounded.
You closely miss the orc wizard. You barely miss the quokka.
The orc wizard gestures at you while chanting.
The puff of flame misses you.
The orc priest hits you but does no damage.
You block the quokka's attack. You block the orc wizard's attack.
You slash the orc priest!
The orc priest is severely wounded.
You slash the orc wizard! You closely miss the quokka.
You block the quokka's attack.
The orc priest hits you with a hand axe of electrocution.
You are electrocuted!
* * * LOW HITPOINT WARNING * * *
The orc wizard points at you and mumbles some strange words.
The puff of flame hits you!
You die...

......#.#.#....... ###
........#.#.###### ## ...
.................. .# . oo
.................. .####.#
#)..#.########.#+#.#....# ......#
..r.....{....#.......##.#
.########.#.#.##o###.#.......##8#
....[...#.#.#.#r####.#.......##.#
.######.#......o@............8.∩.
.# #......o................. .#
#......................8. .#
#..!..................... .#
#.....################### .#
...... .# .#.... .# .... .#


You could see an orc priest, an orc wizard and a quokka.

Vanquished Creatures
  An orc wizard (D:3)
  3 gnolls (D:3)
  6 adders
  2 worms (D:2)
  A dart slug (D:2)
  3 leopard geckos (D:3)
  6 orcs
  4 bats (D:2)
  2 giant cockroaches (D:3)
  5 goblins
  10 hobgoblins
  10 kobolds
  2 quokkas (D:2)
  3 ball pythons
  5 frilled lizards
  8 rats
71 creatures vanquished.

Notes
Turn   | Place    | Note
-------+----------+-------------------------------------------
     0 | D:1      | LLavrengius the Formicid Fighter began the quest for the Orb.
     0 | D:1      | Reached XP level 1. HP: 18/18 MP: 1/1
   321 | D:1      | Reached XP level 2. HP: 22/24 MP: 2/2
   897 | D:2      | Reached XP level 3. HP: 18/30 MP: 3/3
  1124 | D:2      | Reached skill level 3 in Axes
  1239 | D:2      | Reached XP level 4. HP: 36/37 MP: 4/4
  1839 | D:3      | Reached skill level 4 in Axes
  1839 | D:3      | Reached XP level 5. HP: 42/42 MP: 5/5
  2264 | D:3      | Reached skill level 5 in Axes
  2714 | D:4      | Found Cafriaku's Book Emporium.
  2748 | D:4      | Reached XP level 6. HP: 45/48 MP: 6/6
  2790 | D:4      | Killed from afar by an orc wizard

Vault maps used:
D:1:      shiori_angband_town, minmay_misc_feat_square
D:2:      first_ration
D:3:      minmay_large_rounded_square
D:4:      nicolae_ru_great_annihilating_truth, serial_shops, shop,
          nicolae_shop_statue_plus, nicolae_shop_behind_doors, kennysheep_dice

Skill      XL: |  1  2  3  4  5 |
---------------+----------------+-----
Shields        | 4 |  4.0
Fighting       | 4 |  4.0
Axes           | 3 4 5 |  5.2
Armour         | |  3.2

Action                   |  1- 3 |  4- 6 || total
-------------------------+-------+-------++-------
Melee: War axe           |   100 |   154 ||   254
Throw: Tomahawk          |       |     3 ||     3
 Abil: Dig               |       |     1 ||     1
  Use: Potion            |       |     1 ||     1
  Eat: Chunk             |     1 |     5 ||     6
Armor: Scale mail        |    50 |    69 ||   119
Dodge: Dodged            |    29 |    57 ||    86
Block: Shield            |    61 |    84 ||   145

Table legend:
 A = Spawn XP
 B = Non-spawn XP
 C = Spawn XP percentage of total XP
 D = Spawn monster count
 E = Non-spawn monster count
 F = Spawn count percentage of total count
 G = Total turns spent on level
                    A         B        C        D         E        F      G
               +---------+---------+-------+---------+---------+-------+---------
         Total |       0 |     281 |   0.0 |       0 |      71 |   0.0 |  2790
               +---------+---------+-------+---------+---------+-------+---------
           D:1 |       0 |      24 |   0.0 |       0 |      14 |   0.0 |   842
           D:2 |       0 |      72 |   0.0 |       0 |      27 |   0.0 |   947
           D:3 |       0 |     168 |   0.0 |       0 |      28 |   0.0 |   851
           D:4 |       0 |      17 |   0.0 |       0 |       2 |   0.0 |   150
               +---------+---------+-------+---------+---------+-------+---------
